 Dungeon Crawl Stone Soup version 0.27.1-33-g824d729ab1 (webtiles) character file.

Game seed: 14993656606235690885

38 Descartes the Ducker (level 3, -4/15 HPs)
             Began as a Felid Wanderer on Nov 28, 2021.
             Slain by a gnoll (8 damage)
             ... on level 2 of the Dungeon.
             The game lasted 00:03:57 (1771 turns).

Descartes the Ducker (Felid Wanderer)               Turns: 1771, Time: 00:03:58

Health: -4/15      AC:  1    Str: 11    XL:     3   Next: 25%
Magic:  4/4        EV: 19    Int: 10    God:
Gold:   85         SH:  0    Dex: 16    Spells: 2/2 levels left
                                        Lives:  0   Deaths: 0

rFire    . . .     SeeInvis +     - Unarmed
rCold    . . .     Faith    .   (shield unavailable)
rNeg     . . .     Spirit   .   (armour unavailable)
rPois    .         Reflect  .   (helmet unavailable)
rElec    .         Harm     .   (cloak unavailable)
rCorr    .         Rampage  .   (gloves unavailable)
Will     .....                  (boots unavailable)
Stlth    ++........             (no amulet)
HPRegen  0.05/turn              (no ring)
MPRegen  0.09/turn              (no ring)

@: quick
A: very small, claws 1, fangs 3, see invisible, speed 1, shaggy fur 1, stealthy
paws, no weapons or thrown items, no armour, multi-lived
a: no special abilities


You were on level 2 of the Dungeon.
You visited 1 branch of the dungeon, and saw 2 of its levels.

You collected 85 gold pieces.

Inventory:

Missiles
 g - 49 stones
Jewellery
 j - an amulet of the acrobat
Wands
 k - a wand of iceblast (6)
Scrolls
 a - a scroll of blinking
 e - a scroll of vulnerability {unknown}
 i - a scroll of teleportation {unknown}
Potions
 b - a potion of haste
 c - 2 potions of lignification
 d - a potion of flight {unknown}
 f - 2 potions of mutation {unknown}
 h - a potion of magic {unknown}


   Skills:
 - Level 1.0 Fighting
 + Level 5.0 Dodging
 - Level 2.6 Stealth
 + Level 3.7 Unarmed Combat
 - Level 1.1 Evocations


You had 2 spell levels left.
You didn't know any spells.
Your spell library was empty.

Dungeon Overview and Level Annotations

Branches:
Dungeon (2/15)

Altars:


Innate Abilities, Weirdness & Mutations

You have sharp claws.
You have razor-sharp teeth.
You have supernaturally acute eyesight. (SInv)
You cover ground quickly. (Speed+)
You are covered in fur. (AC +1)
Your paws help you pounce on unaware monsters.
You are incapable of wielding weapons or throwing items.
You cannot wear armour.
You gain extra lives every three experience levels.


Message History

Your experience leads to an increase in your attributes!
Increase (S)trength, (I)ntelligence, or (D)exterity?
You feel stronger.
You claw the dart slug!
The dart slug is almost dead.
The dart slug bites you.
You scratch the dart slug.
You kill the dart slug!
No target in view!
HP restored.
You now have 78 gold pieces (gained 15).
You see here a hobgoblin corpse.
You see here an adder corpse.
You now have 85 gold pieces (gained 7).
k - a wand of iceblast (6)
A gnoll comes into view.
It is wielding a +1 halberd of protection.
A gnoll comes into view. It is wielding a +0 spear.
The gnoll shouts!
You hear an angry hiss.
The gnoll misses you.
The gnoll shouts!
You scratch the gnoll but do no damage.
You hear an angry hiss.
The gnoll misses you. The gnoll barely misses you. x2
You claw the gnoll!
The gnoll is heavily wounded.
The gnoll barely misses you.
The gnoll hits you from afar with a +0 spear.
The gnoll misses you.
You closely miss the gnoll.
The gnoll is heavily wounded.
The gnoll barely misses you. The gnoll completely misses you.
The gnoll barely misses you.
You scratch the gnoll.
The gnoll is almost dead.
The gnoll hits you with a +0 flail!
* * * LOW HITPOINT WARNING * * *
The gnoll closely misses you. The gnoll completely misses you.
The gnoll hits you from afar with a +0 spear!
Ouch! That really hurt!
You die...

#.# ##.## #.#.#
#.# #.# #.#.#
#.# #.# ##.#.##
#.#
#.###.....###
#.#
#.......#...#
#.#
#####.....#.# #
##.#....# #
#.###..# ###.#
#@g#
....###!.##
#....Sggg#
##.####...#
..........#
##.####.#......
. #.####### ##
#.# ..#


You could see 4 gnolls and an adder.

Vanquished Creatures
  An adder (D:2)
  4 dart slugs
  2 ball pythons (D:2)
  An endoplasm (D:2)
  2 giant cockroaches (D:1)
  3 goblins
  2 hobgoblins
  A quokka (D:1)
  4 bats
  A rat (D:2)
21 creatures vanquished.

Notes
Turn   | Place    | Note
-------+----------+-------------------------------------------
     0 | D:1      | Descartes the Felid Wanderer began the quest for the Orb.
     0 | D:1      | Descartes set off with the following items: a scroll of
                  | blinking, a potion of haste, 2 potions of lignification
     0 | D:1      | Reached XP level 1. HP: 9/9 MP: 2/2
   426 | D:1      | Reached XP level 2. HP: 12/12 MP: 3/3
  1718 | D:2      | Reached skill level 5 in Dodging
  1718 | D:2      | Reached XP level 3. HP: 15/15 MP: 4/4
  1771 | D:2      | Slain by a gnoll

Illustrated notes

Levels and vault maps discovered:
D:1:      lemuel_arrival_behind_the_door_small, layout_basic
D:2:      layout_loops_ring, minmay_split_cup_large

Skill      XL: |  1  2 |
---------------+-------+-----
Dodging        | 5 |  5.0
Fighting       | |  1.0
Stealth        | |  2.6
Unarmed Combat | |  3.7
Evocations     | |  1.1

Action                   || total
-------------------------++-------
Melee: Unarmed           ||    52
       Bite              ||     2
 Stab: Sleeping          ||     1
Armor: Skin              ||     2
Dodge: Dodged            ||    66
